 Dungeon Crawl Stone Soup version 0.26.1-11-gd32895ea62 (webtiles) character file.

Game seed: 1441955965039823077

20405 Bergy the Basher (level 12, -2/72 HPs)
             Began as a Gargoyle Fighter on July 14, 2021.
             Was a High Priest of Makhleb.
             Slain by an eight-headed hydra (4 damage)
             ... on level 1 of the Lair of Beasts.
             The game lasted 00:49:11 (13207 turns).

Bergy the Basher (Gargoyle Fighter)                Turns: 13207, Time: 00:49:11

Health: -2/72      AC: 28    Str: 24    XL:     12   Next: 79%
Magic:  12/12      EV: 10    Int:  9    God:    Makhleb [*****.]
Gold:   463        SH: 18    Dex: 10    Spells: 11/11 levels left

rFire    . . .     SeeInvis .   y - +3 mace (drain)
rCold    + . .     Faith    .   c - +0 kite shield
rNeg     + . .     Spirit   .   E - +5 acid dragon scales
rPois    ∞         Reflect  +   O - +2 hat
rElec    +         Harm     .   w - +1 cloak
rCorr    +         Rampage  .   e - +1 pair of gloves
Will     .....                  (no boots)
Stlth    +.........             g - amulet of reflection
HPRegen  0.22/turn              k - ring of protection from cold
MPRegen  0.13/turn              (no ring)

@: no status effects
A: negative energy resistance 1, electricity resistance, unbreathing,
petrification resistance, miasma immunity, AC +8
a: Renounce Religion, Minor Destruction, Lesser Servant of Makhleb, Major
Destruction, Greater Servant of Makhleb


You were on level 1 of the Lair of Beasts.
You worshipped Makhleb.
Makhleb was extremely pleased with you.
You visited 3 branches of the dungeon, and saw 12 of its levels.

You collected 553 gold pieces.
You spent 90 gold pieces at shops.

Inventory:

Hand Weapons
 a - a +1 flail of holy wrath
 y - a +3 mace of draining (weapon)
 L - a cursed +5 morningstar
Armour
 c - a +0 kite shield (worn)
 e - a +1 pair of gloves (worn)
 w - a +1 cloak (worn)
 E - +5 acid dragon scales (worn)
 K - the +4 chain mail "Japtido" {+Blink}
   (You found it on level 7 of the Dungeon)

   It lets you blink.
 O - a +2 hat (worn)
Magical Staves
 R - an uncursed staff of conjuration {unknown}
Jewellery
 g - an amulet of reflection (around neck)
 h - an uncursed amulet of magic regeneration {unknown}
 j - a cursed ring of teleportation {unknown}
 k - a ring of protection from cold (left hand)
 o - an uncursed ring of flight {unknown}
 F - an uncursed ring of resist corrosion {unknown}
 G - a cursed ring of flight {unknown}
 I - a cursed ring of teleportation {unknown}
Wands
 b - a wand of paralysis (15)
 f - a wand of iceblast (9)
 x - a wand of flame (52)
 z - a wand of disintegration (15)
 H - a wand of random effects (48)
Scrolls
 d - a scroll of holy word {unknown}
 l - 2 scrolls of blinking {unknown}
 m - a scroll of enchant weapon {unknown}
 q - 3 scrolls of remove curse {unknown}
 r - 2 scrolls of fear {unknown}
 s - 2 scrolls of immolation {unknown}
 u - 2 scrolls of noise {unknown}
 A - a scroll of magic mapping {unknown}
 B - 6 scrolls of fog {unknown}
 J - a scroll of acquirement {unknown}
 M - 2 scrolls of teleportation {unknown}
Potions
 i - 2 potions of attraction {unknown}
 n - 6 potions of curing {unknown}
 p - 3 potions of mutation {unknown}
 t - 2 potions of heal wounds {unknown}
 v - 2 potions of resistance {unknown}
 C - 2 potions of lignification {unknown}
 D - a potion of invisibility {unknown}
 N - 2 potions of brilliance {unknown}
 P - a potion of haste {unknown}
 Q - a potion of flight {unknown}
 S - a potion of degeneration {unknown}


   Skills:
 + Level 7.2 Fighting
 - Level 14.5 Maces & Flails
 + Level 6.6 Armour
 * Level 13.4 Shields


You had 11 spell levels left.
You didn't know any spells.
Your spell library contained the following spells:

 Spells                   Type           Power        Failure   Level
 Magic Dart               Conj           0%           52%         1
 Blink                    Tloc           N/A          65%         2
 Call Imp                 Summ           0%           65%         2
 Slow                     Hex            0%           65%         2
 Conjure Flame            Conj/Fire      0%           87%         3
 Mephitic Cloud           Conj/Pois/Air  0%           87%         3


Dungeon Overview and Level Annotations

Branches:
Dungeon (9/15)             Temple (1/1) D:4            Lair (2/6) D:9
 Spider (0/4) Lair:2
  Swamp: Lair:2-4    Shoals: Lair:2-4       Orc: D:9-12

Altars:
Ashenzari
Cheibriados
Dithmenos
Elyvilon
Fedhas
Gozag
Hepliaklqana
Kikubaaqudgha
Makhleb
Nemelex Xobeh
Okawaru
Qazlal
Ru
Sif Muna
Trog
Uskayaw
Vehumet
Wu Jian
Xom
Yredelemnul
Zin
The Shining One

Shops:
D:5 *

Annotations:
Lair:2 exclusion: oklob plant


Innate Abilities, Weirdness & Mutations

You are resistant to torment.
Your stone body is resilient. (AC +8)
You are immune to poison.
You resist negative energy. (rN+)
You are resistant to electric shocks. (rElec)
You can survive without breathing.
You are immune to petrification.
You are immune to miasma.


Message History

The eight-headed hydra barely misses you.
The eight-headed hydra bites you but does no damage. x2
You hit the eight-headed hydra. You drain the eight-headed hydra.
The eight-headed hydra is severely wounded.
You block the eight-headed hydra's attack. x2
The eight-headed hydra closely misses you.
You block the eight-headed hydra's attack.
The eight-headed hydra completely misses you.
The eight-headed hydra bites you.
* * * LOW HITPOINT WARNING * * *
You block the eight-headed hydra's attack.
The eight-headed hydra misses you.
You hit the eight-headed hydra.
The eight-headed hydra is severely wounded.
You sock the eight-headed hydra!
The eight-headed hydra is almost dead.
The eight-headed hydra bites you but does no damage.
You block the eight-headed hydra's attack.
The eight-headed hydra bites you.
You die...

##....)....≈≈≈≈≈>≈≈≈≈≈......†...
##.........≈≈≈≈.≈≈≈≈.........†.
#........≈≈≈≈≈≈≈≈≈≈≈..........
#.........≈≈≈≈≈≈≈≈............
##.........≈≈≈≈≈≈≈............ ##
#..........≈.≈≈.(............
.####............≈#Y.............
..#.#..........D####D............
...#...........†@###.............
...#..#........####Y.............
.....###....#### ##.>............
.Y....####### #...............
.....## ##.............. .....#
##.............. .....#
#P.............. .....#
###............. .....#
#P.(..........


You could see an eight-headed hydra (drained).

Vanquished Creatures
  Harold (D:8)
  2 hydras (Lair:2)
  2 two-headed ogres
  Urug (Lair:2)
  Sonja (Lair:2)
  Maurice (D:8)
  5 elephants
  A black mamba (Lair:2)
  4 cane toads
  Maggie (D:7)
  A rime drake (Lair:2)
  A demonic crawler (Lair:2)
  3 komodo dragons
  2 trolls
  A hornet (D:9)
  9 blink frogs
  3 wyverns
  A vampire (D:9)
  14 yaks
  Eustachio (D:5)
  A basilisk (Lair:2)
  3 fire bats (Lair:1)
  Edmund (D:5)
  An acid dragon (D:9)
  7 water moccasins
  2 black bears
  3 ice beasts (D:7)
  3 orc warriors
  An ogre (D:5)
  2 necrophages (D:7)
  13 wolves (Lair:2)
  3 centaurs
  8 bullfrogs
  A gnoll sergeant (D:9)
  2 scorpions
  3 wights (D:7)
  2 howler monkeys
  A crimson imp (D:4)
  3 bullfrog zombies
  A quasit (D:8)
  7 hounds
  6 orc priests
  A jelly (D:7)
  6 orc wizards
  A bullfrog skeleton (D:5)
  11 worker ants
  5 iguanas
  A hound zombie (D:9)
  A hound skeleton (D:4)
  2 howler monkey skeletons (D:4)
  7 gnolls (D:9)
  11 adders
  A shadow imp (D:7)
  2 white imps
  2 ufetubi
  3 oozes
  An adder skeleton (D:6)
  3 worms
  2 dart slugs
  6 leopard geckos
  34 orcs
  5 giant cockroaches
  13 goblins
  4 hobgoblins
  10 jackals
  7 kobolds
  5 quokkas
  2 ball pythons (D:4)
  9 bats
  3 frilled lizards
  A jackal skeleton (D:4)
  A quokka skeleton (D:5)
  A quokka zombie (D:5)
  10 rats
300 creatures vanquished.

Vanquished Creatures (others)
  22 fungi
  62 plants
84 creatures vanquished.

Grand Total: 384 creatures vanquished

Notes
Turn   | Place    | Note
-------+----------+-------------------------------------------
     0 | D:1      | Bergy the Gargoyle Fighter began the quest for the Orb.
     0 | D:1      | Reached XP level 1. HP: 14/14 MP: 1/1
   173 | D:1      | Reached XP level 2. HP: 19/19 MP: 2/2
   190 | D:1      | Reached skill level 3 in Maces & Flails
   565 | D:1      | Reached XP level 3. HP: 22/23 MP: 3/3
  1163 | D:2      | Reached skill level 4 in Maces & Flails
  1185 | D:2      | Reached XP level 4. HP: 28/28 MP: 4/4
  1541 | D:2      | You fall into a shaft and drop 2 floors!
  1657 | D:4      | Reached skill level 5 in Maces & Flails
  1759 | D:4      | Found an opulent altar of Gozag.
  1778 | D:4      | Reached XP level 5. HP: 21/32 MP: 5/5
  1948 | D:4      | Found a staircase to the Ecumenical Temple.
  1997 | D:4      | Reached skill level 6 in Maces & Flails
  1997 | D:4      | Reached XP level 6. HP: 13/37 MP: 6/6
  2339 | Temple   | Entered the Ecumenical Temple
  2862 | D:4      | Reached skill level 7 in Maces & Flails
  4257 | D:5      | Entered Level 5 of the Dungeon
  4282 | D:5      | Reached XP level 7. HP: 21/41 MP: 7/7
  4551 | D:5      | Noticed Edmund
  4568 | D:5      | Killed Edmund
  4569 | D:5      | Reached skill level 8 in Maces & Flails
  4642 | D:5      | Noticed Eustachio
  4675 | D:5      | Killed Eustachio
  4716 | D:5      | Reached skill level 9 in Maces & Flails
  4716 | D:5      | Reached XP level 8. HP: 39/46 MP: 8/8
  4848 | D:5      | Found a shimmering altar of Xom.
  4852 | D:5      | Found a burning altar of Makhleb.
  4853 | D:5      | Found a sparkling altar of Nemelex Xobeh.
  4854 | D:5      | Found a shimmering blue altar of Sif Muna.
  4854 | D:5      | Found a snail-covered altar of Cheibriados.
  4854 | D:5      | Found a glowing golden altar of the Shining One.
  4854 | D:5      | Found a white marble altar of Elyvilon.
  4858 | D:5      | Became a worshipper of Makhleb the Destroyer
  4862 | D:5      | Found an ancient bone altar of Kikubaaqudgha.
  4955 | D:5      | Found Omujaoph's General Store.
  4963 | D:5      | Bought a scroll of enchant armour for 90 gold pieces
  5009 | D:5      | Found a sparkling altar of Nemelex Xobeh.
  5715 | D:6      | Reached skill level 10 in Maces & Flails
  5977 | D:7      | Reached * piety under Makhleb
  5978 | D:7      | Reached skill level 11 in Maces & Flails
  6095 | D:7      | Reached XP level 9. HP: 30/51 MP: 9/9
  6615 | D:6      | Found a snail-covered altar of Cheibriados.
  7207 | D:7      | Noticed Maggie
  7243 | D:7      | Killed Maggie
  7432 | D:7      | Reached skill level 12 in Maces & Flails
  7551 | D:7      | Got a jewelled chain mail
  7657 | D:7      | Identified the +4 chain mail "Japtido" {+Blink} (You found
                  | it on level 7 of the Dungeon)
  7867 | D:7      | Found an iron altar of Okawaru.
  8027 | D:8      | Reached XP level 10. HP: 56/56 MP: 10/10
  8050 | D:8      | Reached ** piety under Makhleb
  8269 | D:8      | Reached skill level 13 in Maces & Flails
  8880 | D:8      | Noticed Harold
  8907 | D:8      | Killed Harold
  8964 | D:9      | Noticed a two-headed ogre
  9095 | D:8      | Killed a two-headed ogre
  9096 | D:8      | Reached skill level 14 in Maces & Flails
  9458 | D:9      | Reached skill level 5 in Shields
  9481 | D:9      | Reached *** piety under Makhleb
  9594 | D:9      | Noticed Maurice
  9644 | D:8      | Reached XP level 11. HP: 38/62 MP: 11/11
  9655 | D:8      | Killed Maurice
  9817 | D:9      | Noticed a two-headed ogre
  9830 | D:9      | Killed a two-headed ogre
  9831 | D:9      | Reached skill level 5 in Armour
 10103 | D:9      | Found a staircase to the Lair.
 10692 | D:9      | Reached skill level 5 in Fighting
 11038 | Lair:1   | Entered Level 1 of the Lair of Beasts
 11354 | Lair:1   | Noticed an eight-headed hydra
 11374 | Lair:2   | Noticed Sonja
 11392 | Lair:2   | Killed Sonja
 11400 | Lair:2   | Reached **** piety under Makhleb
 11540 | Lair:2   | Reached skill level 10 in Shields
 11592 | Lair:2   | Found a hole to the Spider Nest.
 11657 | Lair:2   | Reached XP level 12. HP: 62/70 MP: 12/12
 11789 | Lair:2   | Noticed a four-headed hydra
 11809 | Lair:2   | Killed a four-headed hydra
 11901 | Lair:2   | Noticed a seven-headed hydra
 11918 | Lair:2   | Killed a seven-headed hydra
 12395 | Lair:2   | Noticed Urug
 12420 | Lair:2   | Killed Urug
 12805 | Lair:1   | Reached ***** piety under Makhleb
 13205 | Lair:1   | HP: 2/72 [eight-headed hydra (5)]
 13207 | Lair:1   | Slain by an eight-headed hydra

Illustrated notes

Levels and vault maps discovered:
D:1:      heliophobic_arrival_battle_scene, layout_basic
D:2:      layout_loops_ring
D:3:      layout_basic, serial_rivers, chequers_serial_rivers_room_a,
          chequers_serial_rivers_micro_c, chequers_serial_rivers_small_b,
          chequers_serial_rivers_micro_e
D:4:      layout_rooms, grunt_gozag_statues, minmay_temple_entry_sparse_star,
          portal_sewer_entry_e, kennysheep_flooded_box, minmay_fire_ice_demons
D:5:      layout_basic, minitemple, basic_altar, serial_shops,
          nicolae_shop_stone, uniq_edmund, uniq_eustachio
D:6:      layout_layer_cave, kennysheep_slug_shrine
D:7:      layout_loops_ring, kennysheep_mini, uniq_maggie
D:8:      layout_cave_pods, uniq_harold
D:9:      layout_gridville, dpeg_oklobed_lair, chequers_serial_rivers_marsh,
          uniq_maurice
Temple:   nicolae_temple_no_exploring_needed
Lair:1:   layout_cave_pods, nicolae_volcano_entry_batcave,
          infiniplex_staircase_pool_2
Lair:2:   minmay_lair_oklob_tunnel, layout_loops_ring,
          nicolae_spider_entry_non_spiders, uniq_urug, uniq_sonja

Skill      XL: |  1  2  3  4  5  6  7  8  9 10 11 12 |
---------------+-------------------------------------+-----
Maces & Flails | 3 4 5 6 7 9 11 12 14 | 14.5
Shields        | 4 6 10 13 | 13.4
Armour         | 4 6 |  6.6
Fighting       | 4 6 7 |  7.2

Action                   |  1- 3 |  4- 6 |  7- 9 | 10-12 || total
-------------------------+-------+-------+-------+-------++-------
Melee: Flail             |   108 |   269 |     3 |       ||   380
       Mace              |       |       |   338 |   738 ||  1076
  Use: Scroll            |       |       |     6 |     7 ||    13
       Potion            |       |       |     1 |     2 ||     3
 Stab: Held in net/web   |       |       |       |     1 ||     1
Armor: Scale mail        |    41 |   152 |    97 |       ||   290
       Chain mail        |       |       |    19 |   131 ||   150
       Acid dragon scale |       |       |       |   216 ||   216
Dodge: Dodged            |    42 |    68 |    69 |   166 ||   345
Block: Kite shield       |    60 |   145 |   219 |   592 ||  1016
       Reflection        |       |       |     2 |     9 ||    11
